 Dungeon Crawl Stone Soup version 0.27-a0-1202-ge72e49191c (webtiles) character file.

Game seed: 14876014084677499

6 bande the Shield-Bearer (level 2, 24/24 HPs)
             Began as a Formicid Fighter on June 4, 2021.
             Quit the game on level 1 of the Dungeon.
             The game lasted 00:01:52 (171 turns).

bande the Shield-Bearer (Formicid Fighter)           Turns: 171, Time: 00:01:53

Health: 24/24      AC:  6    Str: 20    XL:     2   Next: 0%
Magic:  2/2        EV:  8    Int:  7    God:
Gold:   19         SH:  9    Dex: 10    Spells: 1/1 levels left

rFire    . . .     SeeInvis +   a - +0 war axe
rCold    . . .     Faith    .   c - +0 kite shield
rNeg     . . .     Spirit   .   b - +0 scale mail
rPois    .         Reflect  .   (helmet unavailable)
rElec    .         Harm     .   (no cloak)
rCorr    .         Rampage  .   (no gloves)
Will     .....                  (no boots)
Stlth    ..........             (no amulet)
HPRegen  0.08/turn              (no ring)
MPRegen  0.08/turn              (no ring)

@: no status effects
A: permanent stasis, dig shafts and tunnels, antennae 3, four strong arms
a: Dig, Shaft Self


You were on level 1 of the Dungeon.
You visited 1 branch of the dungeon, and saw 1 of its levels.

You collected 19 gold pieces.

Inventory:

Hand Weapons
 a - a +0 war axe (weapon)
Armour
 b - a +0 scale mail (worn)
 c - a +0 kite shield (worn)
Scrolls
 e - a scroll of holy word {unknown}
 f - a scroll of magic mapping {unknown}
Potions
 d - a potion of might


   Skills:
 + Level 3.4 Fighting
 + Level 2.0 Axes
 + Level 3.4 Armour
 + Level 3.8 Shields


You had one spell level left.
You didn't know any spells.
Your spell library was empty.

Dungeon Overview and Level Annotations

Branches:
Dungeon (1/15)

Altars:


Innate Abilities, Weirdness & Mutations

You cannot be hasted, slowed, berserked, paralysed or teleported.
You can dig through walls and to a lower floor.
You have a pair of large antennae on your head. (SInv)
Your four strong arms can wield two-handed weapons with a shield.


Message History

The goblin is moderately wounded.
You block the goblin's attack.
You closely miss the goblin.
The goblin is moderately wounded.
You block the goblin's attack. The goblin hits you but does no damage.
You hit the goblin.
You kill the goblin!
A goblin comes into view. It is wielding a +0 club.
You block the rat's attack.
Found a scroll labelled NONAT ODUBLIME and 9 sling bullets.
Things that are here:
a +0 dagger; a goblin corpse You completely miss the rat.
You block the rat's attack. The rat barely misses you.
You slash the rat!
You kill the rat!
You slash the goblin!
You kill the goblin!
No target in view!
No target in view!
No target in view!
No target in view!
No target in view!
No target in view!
No target in view!
You see here a +0 club.
A frilled lizard comes into view.
The frilled lizard hisses angrily.
Found 4 arrows.
You see here a scroll labelled NONAT ODUBLIME.
You closely miss the frilled lizard.
The frilled lizard bites you but does no damage.
The frilled lizard barely misses you.
You miss the frilled lizard.
The frilled lizard bites you but does no damage.
You slash the frilled lizard!
You kill the frilled lizard!
You have reached level 2!
f - a scroll labelled NONAT ODUBLIME Are you sure you want to abandon this character and quit the game? (Confirm with "yes".)

#.......... #...(......
#..........
##..........
#...........
#.#.........
#.#...(.....
#.#.@.......
#.#.........
#...........
#....###...# #)#### ..#
#)# .#
#.#################
#...##ā‰ˆPā‰ˆ.........#
###.##ā‰ˆā‰ˆP##.###.<.#


There were no monsters in sight!

Vanquished Creatures
  2 goblins (D:1)
  A kobold (D:1)
  A frilled lizard (D:1)
  2 rats (D:1)
6 creatures vanquished.

Notes
Turn   | Place    | Note
-------+----------+-------------------------------------------
     0 | D:1      | bande the Formicid Fighter began the quest for the Orb.
     0 | D:1      | Reached XP level 1. HP: 18/18 MP: 1/1
    25 | D:1      | Found a faded altar of an unknown god.
   170 | D:1      | Reached XP level 2. HP: 24/24 MP: 2/2
   171 | D:1      | Quit the game

Illustrated notes

Levels and vault maps discovered:
D:1:      psy_arrival_conway, layout_loops_ring,
          hellmonk_ecumenical_altar_blasted, minmay_misc_feat_ornament,
          wad_floor_pattern_1, nrook_mini_backslash

Action                   || total
-------------------------++-------
Melee: War axe           ||    13
Armor: Scale mail        ||     4
Dodge: Dodged            ||     4
Block: Kite shield       ||     6

Table legend: (Time is in decaauts)
 A = Elapsed time spent in this place.
 B = Non-inter-level travel time spent in this place.
 C = Inter-level travel time spent in this place.
 D = Time resting spent in this place.
 E = Time spent auto-exploring this place.
 F = Levels seen in this place.
 G = Mean time per level.
                   A        B        C        D        E       F      G
               +--------+--------+--------+--------+--------+-----+--------+
         Total |    183 |    183 |      0 |      0 |    144 |   1 |  183.0 |
       Dungeon |    183 |    183 |      0 |      0 |    144 |   1 |  183.0 |
               +--------+--------+--------+--------+--------+-----+--------+

Top non-repeatable levels by time:
     D:1: 183 daAuts
